 Dungeon Sprint DCSS version 0.19.1 (webtiles) character file.

292 dvd the Fighter (level 6, -2/69 HPs)
             Began as a Gargoyle Berserker on Dec 22, 2016.
             Was a Believer of Trog.
             Slain by a yak (15 damage)
             ... in the Dungeon (Sprint I: "Red Sonja").
             The game lasted 00:00:57 (348 turns).

dvd the Fighter (Gargoyle Berserker)                 Turns: 348, Time: 00:00:58

Health: -2/69      AC:  2    Str: 26    XL:     6   Next: 33%
Magic:  6/6        EV: 13    Int:  7    God:    Trog [**....]
Gold:   304        SH:  0    Dex: 11    Spells: 0 memorised, 5 levels left

rFire  . . .     SeeInvis .     a - +0 mace
rCold  . . .     Gourm    .     b - +0 animal skin
rNeg   + . .     Faith    .     (no shield)
rPois  ∞         Spirit   .     (no helmet)
rElec  +         Reflect  .     (no cloak)
rCorr  .         Harm     .     (no gloves)
MR     .....     NoTele   +     (no boots)
Stlth  ..........               (no amulet)
                                (no ring)
                                (no ring)

@: berserking, corroded, starving, very quick
A: negative energy resistance 1, electricity resistance, unbreathing,
petrification resistance, rot immunity, AC +4
a: Berserk, Trog's Hand, Burn Spellbooks, Renounce Religion


You were in the Dungeon.
You worshipped Trog.
Trog was pleased with you.
You were starving.

You visited 1 branch You collected 304 gold pieces.

Inventory:

Hand Weapons
 a - a +0 mace (weapon)
Armour
 b - a +0 animal skin (worn)
Scrolls
 i - a scroll of blinking
Potions
 d - a potion of curing
 f - a potion of haste
 g - 2 potions of magic
 h - a potion of berserk rage
Comestibles
 c - a bread ration


   Skills:
 + Level 9.3 Fighting
 + Level 8.6 Maces & Flails
 + Level 4.5 Armour
 + Level 4.1 Dodging


You had 5 spell levels left.
You didn't know any spells.

Dungeon Overview and Level Annotations

Branches:
Dungeon (1/1)

Altars:
Cheibriados
Dithmenos
Elyvilon
Fedhas
Gozag
Hepliaklqana
Kikubaaqudgha
Okawaru
Qazlal
Ru
Sif Muna
Trog
Uskayaw
Vehumet
Yredelemnul
Zin
The Shining One

Shops:
D :


Innate Abilities, Weirdness & Mutations

You are resistant to torment.
Your stone body is resilient. (AC +4)
You are immune to poison.
You resist negative energy. (rN+)
You are resistant to electric shocks. (rElec)
You can survive without breathing.
You are immune to petrification.
You are immune to rotting.


Message History

Found Zylacw's Book Emporium.
Found fourteen altars.
The yak bellows!
The yak gores you!
* * * LOW HITPOINT WARNING * * *
Found an opulent altar of Gozag.
There is an open door here.
Unknown command.
You feel much better. The yak closely misses you.
Unknown command.
A red film seems to cover your vision as you go berserk!
You feel yourself moving faster!
You feel mighty!
You are starving!
The yak gores you!
* * * LOW HITPOINT WARNING * * *
You hit the yak.
The yak is lightly wounded.
You sock the yak!
The yak is moderately wounded.
The yak gores you!
You die...

################
#<.#..').#..'..#
#..'[.#..').#..+
#..#####'#####'#
#..# #..#...#.#
#..#__####..##)#
#..#_____##'#..+
#⌠⌠#_.∩..Y@..._#
####_..__##_.#+#
#____ ##+# ####


You could see a yak.

Vanquished Creatures
  Sigmund (D)
  An ogre (D)
  A jelly (D)
  Ijyb (D)
4 creatures vanquished.

Notes
Turn   | Place    | Note
-------+----------+-------------------------------------------
     0 | D        | dvd the Gargoyle Berserker began the quest for the Orb.
     0 | D        | Reached XP level 1. HP: 14/14 MP: 1/1
     1 | D        | Noticed Ijyb
    12 | D        | Killed Ijyb
    12 | D        | Reached skill level 5 in Fighting
    12 | D        | Reached XP level 2. HP: 8/21 MP: 2/2
    12 | D        | Reached XP level 3. HP: 10/26 MP: 3/3
   234 | D        | Noticed an ogre
   237 | D        | Killed an ogre
   237 | D        | Reached skill level 7 in Fighting
   237 | D        | Reached XP level 4. HP: 34/34 MP: 4/4
   283 | D        | Noticed Sigmund
   288 | D        | Killed Sigmund
   288 | D        | Reached ** piety under Trog
   288 | D        | Reached skill level 9 in Fighting
   288 | D        | Reached XP level 5. HP: 41/41 MP: 5/5
   288 | D        | Reached XP level 6. HP: 46/46 MP: 6/6
   314 | D        | Found a deep blue altar of Sif Muna.
   316 | D        | Found a radiant altar of Vehumet.
   343 | D        | Found Zylacw's Book Emporium.
   343 | D        | Found an ancient bone altar of Kikubaaqudgha.
   343 | D        | Found a hazy altar of Hepliaklqana.
   343 | D        | Found a stormy altar of Qazlal.
   343 | D        | Found a hide-covered altar of Uskayaw.
   343 | D        | Found a blossoming altar of Fedhas.
   343 | D        | Found a bloodstained altar of Trog.
   343 | D        | Found an iron altar of Okawaru.
   343 | D        | Found a basalt altar of Yredelemnul.
   343 | D        | Found a glowing golden altar of the Shining One.
   343 | D        | Found a snail-covered altar of Cheibriados.
   343 | D        | Found a sacrificial altar of Ru.
   343 | D        | Found a glowing silver altar of Zin.
   343 | D        | Found a shadowy altar of Dithmenos.
   343 | D        | Found a white marble altar of Elyvilon.
   343 | D        | Noticed a yak
   344 | D        | Found an opulent altar of Gozag.
   348 | D        | Slain by a yak

Skill      XL: |  1  2  3  4 |
---------------+-------------+-----
Fighting       | 5 7 9 |  9.3
Maces & Flails | 4 6 8 |  8.6
Dodging        | 2 3 4 |  4.1
Armour         | 3 4 |  4.5

Action                   |  1- 3 |  4- 6 || total
-------------------------+-------+-------++-------
Melee: Mace              |    11 |    10 ||    21
Invok: Berserk           |     2 |     2 ||     4
  Use: Potion            |       |     1 ||     1
Armor: Animal skin       |     1 |     1 ||     2
Dodge: Dodged            |     6 |     5 ||    11
